 Dungeon Crawl Stone Soup version 0.26.0-90-g5fd8617961 (webtiles) character file.

Game seed: 12472838885888353154

625 kreisler the Covert (level 7, 0/46 HPs)
             Began as an Octopode Brigand on Feb 2, 2021.
             Succumbed to a worker ant's poison
             ... on level 4 of the Dungeon.
             The game lasted 00:11:55 (3659 turns).

kreisler the Covert (Octopode Brigand)              Turns: 3659, Time: 00:11:56

Health: 0/46       AC:  3    Str:  9    XL:     7   Next: 47%
Magic:  7/7        EV: 14    Int: 13    God:
Gold:   201        SH:  0    Dex: 15    Spells: 6/6 levels left

rFire    . . .     SeeInvis .   a - +3 dagger
rCold    . . .     Faith    .   (no shield)
rNeg     . . .     Spirit   .   (helmet restricted)
rPois    .         Reflect  .   (no amulet)
rElec    .         Harm     .   (no ring)
rCorr    .         Rampage  .   (no ring)
Will     .....                  (no ring)
Stlth    +++.......             (no ring)
HPRegen  0.15/turn              (no ring)
MPRegen  0.10/turn              (no ring)
                                (no ring)
                                (no ring)

@: confused, lethally poisoned (0 -> -19)
A: almost no armour, stealthy swim, amphibious, 8 rings, constrict 8, icy blue
scales 1, camouflage 1, weak 1, wild magic 1, gelatinous body 1
a: no special abilities


You were on level 4 of the Dungeon.
You visited 1 branch of the dungeon, and saw 4 of its levels.

You collected 201 gold pieces.

Inventory:

Hand Weapons
 a - a +3 dagger (weapon)
Missiles
 b - 19 poisoned darts
 c - 2 curare-tipped darts
Jewellery
 j - an uncursed ring of poison resistance {unknown}
 l - an uncursed amulet of regeneration {unknown}
Wands
 i - a wand of flame (12) (quivered)
Scrolls
 f - 5 scrolls of remove curse
 h - 3 scrolls of identify


   Skills:
 + Level 3.1 Fighting
 + Level 3.6 Short Blades
 + Level 2.1 Throwing
 + Level 3.1 Dodging
 + Level 9.9 Stealth


You had 6 spell levels left.
You didn't know any spells.
Your spell library contained the following spells:

 Spells                   Type           Power        Failure   Level
 Animate Skeleton         Necr           0%           38%         1
 Apportation              Tloc           0%           38%         1
 Corona                   Hex            0%           38%         1
 Summon Small Mammal      Summ           0%           38%         1


Dungeon Overview and Level Annotations

Branches:
Dungeon (4/15)
 Temple: D:4-7

Altars:
The Shining One

Annotations:
D:3 Natasha


Innate Abilities, Weirdness & Mutations

You cannot wear most types of armour.
You are very stealthy in the water. (Stealth+)
You are amphibious.
You can wear up to eight rings at the same time.
You can use your tentacles to constrict eight enemies at once.
Your skin changes colour to match your surroundings (Stealth+).
Your rubbery body absorbs attacks. (AC +1, EV +1)
You are partially covered in icy blue scales. (AC +2)
You are weak. (Str -2)
Your spells are a little harder to cast, but a little more powerful.


Message History

* * * LOW HITPOINT WARNING * * *
You are lethally poisoned!
The worker ant poisons you!
You hear some strange, mumbled words.
You are confused.
The worker ant misses you.
You are too confused!
You don't know any spells.
You're too confused to move!
You constrict the worker ant.
* * * LOW HITPOINT WARNING * * *
You feel sick. The worker ant misses you. Something hits you.
* * * LOW HITPOINT WARNING * * *
The worker ant bites you.
* * * LOW HITPOINT WARNING * * *
You are more poisoned.
The worker ant poisons you! The worker ant misses you.
You hit the worker ant. You squeeze the worker ant.
The worker ant is almost dead.
You constrict the worker ant.
You die...

##. ... ... #.)
..###.. .....#
#... ....# #..#
...# ##..# #oZ#
#...# #B{#
##..# #@B##
##...#
#...###....##
#..!......<.#
#.......####..#
#.......## #..#
.........# #...
..........#
#...#
....#####.#
.#.. ..## #.# #
#


You could see 2 worker ants, an orc and a water moccasin skeleton.

Vanquished Creatures
  Grinder (D:3)
  An ogre (D:3)
  2 orc wizards (D:4)
  An orc priest (D:4)
  Terence (D:3)
  A worker ant (D:3)
  Natasha (twice) (D:3)
  Robin (D:3)
  A gnoll (D:1)
  4 adders
  An ooze (D:1)
  3 worms
  10 dart slugs
  An orc (D:3)
  3 giant cockroaches
  15 goblins
  7 hobgoblins
  4 jackals (D:2)
  3 quokkas (D:3)
  9 bats
  3 frilled lizards
  4 kobolds (D:3)
  10 rats
88 creatures vanquished.

Notes
Turn   | Place    | Note
-------+----------+-------------------------------------------
     0 | D:1      | kreisler the Octopode Brigand began the quest for the Orb.
     0 | D:1      | Reached XP level 1. HP: 14/14 MP: 1/1
   393 | D:1      | Reached XP level 2. HP: 19/19 MP: 2/2
   541 | D:1      | Reached skill level 6 in Stealth
   919 | D:1      | Reached XP level 3. HP: 24/24 MP: 3/3
  1261 | D:2      | Reached XP level 4. HP: 29/29 MP: 4/4
  1725 | D:2      | Gained mutation: You are weak. (Str -2) [potion of
                  | mutation]
  1725 | D:2      | Gained mutation: Your spells are a little harder to cast,
                  | but a little more powerful. [potion of mutation]
  1725 | D:2      | Gained mutation: You are partially covered in icy blue
                  | scales. (AC +2) [potion of mutation]
  1732 | D:3      | Noticed Terence
  1744 | D:3      | Killed Terence
  1745 | D:3      | Reached skill level 7 in Stealth
  1773 | D:3      | Reached XP level 5. HP: 19/35 MP: 5/5
  2235 | D:3      | Noticed Robin
  2244 | D:3      | Killed Robin
  2657 | D:3      | Found a glowing golden altar of the Shining One.
  2696 | D:3      | Noticed Natasha
  2701 | D:3      | Killed Natasha
  2767 | D:3      | Noticed Natasha
  2774 | D:3      | Killed Natasha
  2775 | D:3      | Reached skill level 8 in Stealth
  2775 | D:3      | Reached XP level 6. HP: 30/41 MP: 6/6
  2892 | D:3      | Noticed Grinder
  2906 | D:3      | Killed Grinder
  2907 | D:3      | Reached skill level 9 in Stealth
  2973 | D:3      | Noticed Natasha
  3072 | D:3      | Reached XP level 7. HP: 42/46 MP: 7/7
  3658 | D:4      | HP: 2/46 [worker ant (4)]
  3659 | D:4      | Succumbed to a worker ant's poison

Illustrated notes

Levels and vault maps discovered:
D:1:      lightli_arrival_lavapool, layout_rooms, minmay_misc_feat_plants
D:2:      layout_basic, minmay_pentomino_p4
D:3:      kennysheep_slugbush, layout_basic, nicolae_tso_swordbearing_angel,
          uniq_natasha, uniq_grinder, uniq_robin, uniq_terence
D:4:      layout_layer_cave, minmay_temple_entry_glass, minmay_rat_hole

Skill      XL: |  1  2  3  4  5  6  7 |
---------------+----------------------+-----
Stealth        | 6 7 8 9 |  9.9
Dodging        | 2 3 |  3.1
Fighting       | 3 |  3.1
Short Blades   | 3 |  3.6
Throwing       | |  2.1

Action                   |  1- 3 |  4- 6 |  7- 9 || total
-------------------------+-------+-------+-------++-------
Melee: Dagger            |    57 |   115 |    28 ||   200
       Constrict         |    12 |    21 |     4 ||    37
       Tentacles         |     5 |    11 |     8 ||    24
Throw: Dart              |       |     1 |     3 ||     4
  Use: Scroll            |     3 |     3 |       ||     6
       Potion            |     2 |     3 |     4 ||     9
 Stab: Sleeping          |    15 |    15 |     1 ||    31
Armor: Skin              |    10 |    14 |     5 ||    29
Dodge: Dodged            |    54 |    75 |    34 ||   163
